 Dungeon Crawl Stone Soup version 0.32-a0-898-g7811c86cf0 (webtiles) character file.

Game seed: 17369274255489645625

237 DEFE the Chopper (level 6, 0/47 HPs)
             Began as a Coglin Fighter on Apr 4, 2024.
             Slain by Pikel
             ... wielding a +2 whip of electrocution
              (1 damage)
             ... on level 4 of the Dungeon.
             The game lasted 00:01:51 (2401 turns).

DEFE the Chopper (Coglin Fighter)                   Turns: 2401, Time: 00:01:52

Health: 0/47       AC:  6    Str: 19    XL:     6   Next: 6%
Magic:  6/6        EV:  8    Int:  7    God:
Gold:   142        SH:  0    Dex: 13    Spells: 5/5 levels left

rFire   . . .        a - +0 war axe {Latda}
rCold   . . .        j - +0 war axe {Luis}
rNeg    . . .        b - +0 scale mail
rPois   .            (no helmet)
rElec   .            (no cloak)
rCorr   .            (no gloves)
SInv    .            (no boots)
Will    .....        (amulet unavailable) Stlth
                     (ring unavailable)
HPRegen 0.27/turn    (ring unavailable)
MPRegen 0.10/turn    (no gizmo)

%: no passive effects
@: mighty, revved
A: off-hand wielding, slow wielding, warmup strikes, no jewellery
a: Invent Gizmo


You were on level 4 of the Dungeon.
You visited 1 branch of the dungeon, and saw 4 of its levels.

You collected 142 gold pieces.

Inventory:

Hand Weapons
 a - a +0 war axe (weapon) {Latda}
 j - a +0 war axe (offhand) {Luis}
Armour
 b - a +0 scale mail (worn)
 c - a +0 buckler
Scrolls
 e - a scroll of teleportation
 f - a scroll of fear
 g - a scroll of torment
 k - 3 scrolls of amnesia
Potions
 d - a potion of might
 h - a potion of mutation {unknown}
 i - a potion of brilliance {unknown}
 l - a potion of lignification {unknown}
 m - a potion of degeneration {unknown}


   Skills:
 - Level 3.0 Fighting
 + Level 6.1 Axes
 - Level 2.6 Armour
 - Level 2.1 Shields


You had 5 spell levels left.
You didn't know any spells.
Your spell library was empty.

Dungeon Overview and Level Annotations

Branches:
Dungeon (4/15)
 Temple: D:4-7

Altars:
Elyvilon

Annotations:
D:4 Pikel


Innate Abilities, Weirdness & Mutations

You can wield a second weapon in your off-hand.
It takes a long time for you to wield or remove held weapons.
Your first few attacks do less damage.
You cannot equip rings or amulets.


Message History

Unknown command.
You feel very mighty all of a sudden. The lemure hits you but does no damage.
You slash the lemure with your +0 war axe!
The lemure is almost dead.
You slash the lemure with your +0 war axe!
You kill the lemure!
That felt strangely unrewarding.
You closely miss the lemure with your +0 war axe.
You slash the lemure with your +0 war axe!
The lemure hits you.
* * * LOW HITPOINT WARNING * * *
The lemure barely misses you.
You slash the lemure with your +0 war axe!
The lemure is almost dead.
You slash the lemure with your +0 war axe!
You kill the lemure!
That felt strangely unrewarding.
Pikel hits you with a +2 whip of electrocution.
* * * LOW HITPOINT WARNING * * *
You closely miss Pikel with your +0 war axe.
You slash Pikel with your +0 war axe! Pikel hits you but does no damage.
You hit Pikel with your +0 war axe.
Pikel is moderately wounded.
You slash Pikel with your +0 war axe!
Pikel hits you with a +2 whip of electrocution.
* * * LOW HITPOINT WARNING * * *
Unknown command.
You hit Pikel with your +0 war axe.
Pikel is heavily wounded.
You slash Pikel with your +0 war axe!
Pikel hits you with a +2 whip of electrocution.
* * * LOW HITPOINT WARNING * * *
Unknown command.
You hit Pikel but do no damage.
Pikel is severely wounded.
You hit Pikel with your +0 war axe.
Pikel hits you with a +2 whip of electrocution.
You die...
Pikel says, "See you in Hell!"

.. ##### ..... ..
..........
..#.##..#....$.
#..............
#..# #######..#
.........#
.#############K##
.........#####@#
.#######.......#
#..###### #.[#
########..#
..........#
########..# #..#
#..########


You could see Pikel.

Vanquished Creatures
  4 lemures (D:4)
  A bombardier beetle (D:3)
  8 gnolls
  5 adders
  A dart slug (D:2)
  A ribbon worm (D:2)
  6 orcs
  3 bats (D:3)
  10 endoplasms
  2 giant cockroaches (D:1)
  7 goblins
  3 hobgoblins
  4 quokkas
  9 ball pythons
  2 frilled lizards
  4 kobolds
  7 rats
77 creatures vanquished.

Notes
Turn   | Place    | Note
-------+----------+-------------------------------------------
     0 | D:1      | DEFE the Coglin Fighter began the quest for the Orb.
     0 | D:1      | Reached XP level 1. HP: 18/18 MP: 1/1
   170 | D:1      | Reached XP level 2. HP: 24/24 MP: 2/2
   275 | D:1      | Reached skill level 3 in Axes
   544 | D:1      | Reached XP level 3. HP: 29/29 MP: 3/3
   857 | D:2      | Reached skill level 4 in Axes
   858 | D:2      | HP: 1/29 [gnoll/+0 flail (9)]
   859 | D:2      | Reached XP level 4. HP: 1/35 MP: 4/4
  1361 | D:2      | Reached skill level 5 in Axes
  1361 | D:2      | Reached XP level 5. HP: 39/41 MP: 5/5
  1812 | D:3      | Found a white marble altar of Elyvilon.
  1849 | D:3      | Reached skill level 6 in Axes
  1977 | D:3      | Reached XP level 6. HP: 43/47 MP: 6/6
  2376 | D:4      | Noticed Pikel
  2400 | D:4      | HP: 1/47 [Pikel/+2 whip of electrocution (4)]
  2401 | D:4      | Slain by Pikel

Illustrated notes

Levels and vault maps discovered:
D:1:      wander_arrival_peaceful_grave, layout_loops_ring
D:2:      layout_loops_ring
D:3:      layout_loops_ring, mainiacjoe_overflow_24_doors
D:4:      layout_loops_ring, mainiacjoe_overflow_alcove_1,
          jmf_multi_god_temple2, temple_hall,
          mainiacjoe_sewer_entry_somewhere_in_here_1, uniq_pikel

Skill      XL: |  1  2  3  4  5 |
---------------+----------------+-----
Axes           | 3 4 5 6 |  6.1
Fighting       | |  3.0
Armour         | |  2.6
Shields        | |  2.1

Action                     |  1- 3 |  4- 6 || total
---------------------------+-------+-------++-------
  Melee: War axe           |    87 |   174 ||   261
    Use: Scroll            |       |     4 ||     4
         Potion            |       |     1 ||     1
 Armour: Scale mail        |    59 |    82 ||   141
  Dodge: Dodged            |    24 |    40 ||    64
  Block: Buckler           |     9 |       ||     9

Table legend: (Time is in decaauts)
 A = Elapsed time spent in this place.
 B = Non-inter-level travel time spent in this place.
 C = Inter-level travel time spent in this place.
 D = Time resting spent in this place.
 E = Time spent auto-exploring this place.
 F = Levels seen in this place.
 G = Mean time per level.
                   A        B        C        D        E       F      G
               +--------+--------+--------+--------+--------+-----+--------+
         Total |   2449 |   2338 |    111 |    237 |   1668 |   4 |  612.2 |
       Dungeon |   2449 |   2338 |    111 |    237 |   1668 |   4 |  612.2 |
               +--------+--------+--------+--------+--------+-----+--------+

Top non-repeatable levels by time:
     D:3: 930 daAuts
     D:2: 760 daAuts
     D:1: 694 daAuts
     D:4: 63 daAuts
